General information
- name: BNet
- type: Ladder team game (AT/RT)
- host: Battle.net
- saver: BrianSlayer
map: SunrockCove
- players: 6
- length: 36:04
- speed: Fast
- version: 1.27 W3XP
- replay type:

» download(343 KB)
Players
team 1 (loser)
lastlegitplayer (
pink | 211 APM | 7607 actions | 35:59)
8 Goblin Tinker
3 Pocket Factory
3 Engineering Upgrade
1 Cluster Rockets
1 Robo-Goblin
» actions
| Assign group hotkey | 183 | |
| Basic commands | 107 | |
| Build / train | 197 | |
| ESC pressed | 32 | |
| Enter build submenu | 39 | |
| Enter hero's abilities submenu | 10 | |
| Give item / drop item | 7 | |
| Right click | 2377 | |
| Select / deselect | 670 | |
| Select group hotkey | 3699 | |
| Use ability | 286 | |
7607 total
» units
| Peasant | 31 | |
| Footman | 7 | |
| Dragonhawk Rider | 11 | |
| Gryphon Rider | 14 | |
63 total
» upgrades
| Lumber Harvesting | 2 | |
| Masonry | 3 | |
| Armor | 3 | |
| Swords | 3 | |
| Animal War Training | 1 | |
| Cloud | 1 | |
| Storm Hammers | 1 | |
14 total
» buildings
| Barracks | 1 | |
| Farm | 12 | |
| Altar of Kings | 1 | |
| Keep | 4 | |
| Arcane Vault | 1 | |
| Lumber Mill | 1 | |
| Town Hall | 4 | |
| Scout Tower | 19 | |
| Arcane Tower | 17 | |
| Guard Tower | 21 | |
| Castle | 1 | |
| Blacksmith | 1 | |
| Gryphon Aviary | 4 | |
87 total
» build order
00:13 Barracks
00:39 Farm
00:55 Altar of Kings
01:05 Farm
01:53 Farm
02:54 Keep
02:55 Keep
02:55 Keep
03:38 Arcane Vault
04:34 Farm
05:01 Lumber Mill
05:46 Town Hall
05:48 Scout Tower
06:42 Arcane Tower
06:43 Arcane Tower
06:43 Arcane Tower
07:13 Scout Tower
07:14 Scout Tower
07:39 Scout Tower
07:47 Arcane Tower
07:47 Arcane Tower
07:48 Arcane Tower
07:48 Guard Tower
07:48 Guard Tower
08:05 Arcane Tower
08:06 Arcane Tower
08:07 Scout Tower
08:33 Castle
08:37 Scout Tower
08:47 Guard Tower
08:47 Guard Tower
08:53 Scout Tower
08:54 Scout Tower
09:06 Guard Tower
09:15 Blacksmith
09:16 Farm
09:36 Guard Tower
10:11 Gryphon Aviary
10:12 Gryphon Aviary
10:28 Gryphon Aviary
10:35 Farm
10:37 Guard Tower
13:00 Town Hall
13:02 Scout Tower
13:03 Scout Tower
13:04 Scout Tower
13:34 Arcane Tower
13:34 Guard Tower
13:34 Guard Tower
13:35 Guard Tower
13:35 Guard Tower
14:11 Scout Tower
14:16 Scout Tower
14:38 Farm
14:41 Guard Tower
15:10 Farm
15:11 Farm
17:29 Gryphon Aviary
17:55 Guard Tower
17:56 Farm
17:56 Farm
19:31 Farm
29:40 Town Hall
29:41 Scout Tower
29:41 Scout Tower
29:42 Scout Tower
30:04 Scout Tower
30:06 Scout Tower
30:06 Scout Tower
30:09 Arcane Tower
30:09 Arcane Tower
30:09 Arcane Tower
30:10 Guard Tower
30:11 Guard Tower
30:12 Guard Tower
30:12 Guard Tower
30:13 Guard Tower
35:15 Town Hall
» items
| Scroll of Regeneration | 7 | |
| Lesser Clarity Potion | 3 | |
| Potion of Healing | 2 | |
| Scroll of Speed | 1 | |
| Scroll of Town Portal | 3 | |
| Staff of Sanctuary | 1 | |
| Potion of Lesser Invulnerability | 3 | |
| Scroll of Healing | 4 | |
| Scroll of Protection | 4 | |
| Tome of Retraining | 1 | |
| Dust of Appearance | 1 | |
30 total
okaysadface (
red | 91 APM | 3276 actions | 36:02)
7 Goblin Tinker
3 Pocket Factory
3 Engineering Upgrade
1 Robo-Goblin
» actions
| Assign group hotkey | 45 | |
| Basic commands | 42 | |
| Build / train | 65 | |
| Enter build submenu | 14 | |
| Enter hero's abilities submenu | 7 | |
| Give item / drop item | 1 | |
| Remove unit from queue | 7 | |
| Right click | 1523 | |
| Select / deselect | 513 | |
| Select group hotkey | 977 | |
| Use ability | 80 | |
3276 total
» units
| Peon | 6 | |
| Grunt | 9 | |
| Troll Batrider | 20 | |
| Wind Rider | -4 | |
| Raider | 3 | |
34 total
» upgrades
| Berserker Strength | 1 | |
| Liquid Fire | 1 | |
| Pillage | 1 | |
| Ranged Weapons | 2 | |
| Troll Regeneration | 1 | |
| Reinforced Defenses | 1 | |
| Ensnare | 1 | |
8 total
» buildings
| Barracks | 1 | |
| Orc Burrow | 9 | |
| Altar of Storms | 1 | |
| Stronghold | 2 | |
| Voodoo Lounge | 1 | |
| War Mill | 1 | |
| Beastiary | 2 | |
| Fortress | 1 | |
18 total
» build order
00:06 Barracks
00:20 Orc Burrow
00:37 Altar of Storms
01:38 Orc Burrow
02:50 Orc Burrow
04:16 Stronghold
04:37 Voodoo Lounge
05:09 War Mill
06:50 Beastiary
07:05 Fortress
11:19 Orc Burrow
11:21 Orc Burrow
11:23 Orc Burrow
12:02 Beastiary
16:00 Orc Burrow
16:04 Orc Burrow
16:05 Orc Burrow
» items
| Healing Salve | 3 | |
| Potion of Healing | 1 | |
| Orb of Lightning | 1 | |
5 total
WHOATISTHIS (
green | 102 APM | 3664 actions | 36:00)
5 Goblin Tinker
3 Pocket Factory
2 Engineering Upgrade
» actions
| Assign group hotkey | 46 | |
| Basic commands | 55 | |
| Build / train | 105 | |
| Enter build submenu | 39 | |
| Enter hero's abilities submenu | 6 | |
| Give item / drop item | 1 | |
| Remove unit from queue | 22 | |
| Right click | 1638 | |
| Select / deselect | 465 | |
| Select group hotkey | 1168 | |
| Use ability | 119 | |
3664 total
» units
| Peasant | 22 | |
| Footman | 3 | |
| Goblin Shredder | 1 | |
| Goblin Zeppelin | 2 | |
| Mortar Team | 15 | |
| Sorceress | 2 | |
| Flying Machine | 4 | |
| Siege Engine | -13 | |
36 total
» upgrades
| Masonry | 1 | |
| Lumber Harvesting | 2 | |
| Fragmentation Shards | 1 | |
| Gunpowder | 3 | |
| Flare | 1 | |
| Sorceress Training | 1 | |
| Plating | 3 | |
| Flak Cannons | 1 | |
| Barrage | 1 | |
| Magic Sentry | 1 | |
15 total
» buildings
| Farm | 11 | |
| Barracks | 1 | |
| Altar of Kings | 1 | |
| Scout Tower | 12 | |
| Lumber Mill | 1 | |
| Arcane Tower | 2 | |
| Keep | 1 | |
| Arcane Vault | 1 | |
| Guard Tower | 6 | |
| Blacksmith | 1 | |
| Town Hall | 1 | |
| Castle | 1 | |
| Workshop | 3 | |
| Arcane Sanctum | 1 | |
43 total
» build order
00:02 Farm
00:06 Farm
00:07 Barracks
00:43 Farm
00:51 Altar of Kings
01:59 Farm
02:31 Scout Tower
02:48 Lumber Mill
02:50 Arcane Tower
03:31 Farm
04:24 Keep
04:34 Scout Tower
04:35 Scout Tower
04:40 Scout Tower
04:50 Arcane Vault
05:03 Guard Tower
05:47 Guard Tower
06:56 Blacksmith
08:32 Scout Tower
08:32 Scout Tower
08:38 Town Hall
08:40 Scout Tower
08:41 Scout Tower
09:02 Arcane Tower
09:02 Guard Tower
09:07 Guard Tower
09:07 Guard Tower
09:57 Castle
11:56 Workshop
11:58 Workshop
13:18 Farm
13:31 Scout Tower
13:32 Scout Tower
13:36 Scout Tower
13:38 Scout Tower
13:51 Farm
13:52 Farm
13:53 Farm
14:09 Guard Tower
15:42 Arcane Sanctum
16:09 Farm
16:10 Farm
18:03 Workshop
» items
| Lesser Clarity Potion | 4 | |
| Mechanical Critter | 1 | |
| Boots of Speed | 1 | |
| Staff of Teleportation | 1 | |
| Potion of Lesser Invulnerability | 2 | |
| Potion of Mana | 1 | |
| Potion of Healing | 2 | |
| Scroll of Regeneration | 2 | |
| Scroll of Town Portal | 1 | |
15 total
team 2 (winner)
BrianSlayer (
blue | 143 APM | 5165 actions | 36:04)
6 Warden
3 Shadow Strike
3 Blink
4 Pandaren Brewmaster
2 Breath of Fire
2 Drunken Haze
» actions
| Assign group hotkey | 33 | |
| Basic commands | 2 | |
| Build / train | 97 | |
| Enter build submenu | 17 | |
| Enter hero's abilities submenu | 10 | |
| Give item / drop item | 20 | |
| Remove unit from queue | 11 | |
| Right click | 3825 | |
| Select / deselect | 545 | |
| Select group hotkey | 421 | |
| Use ability | 183 | |
5165 total
» units
» upgrades
| Nature's Blessing | 1 | |
| Ultravision | 1 | |
| Well Spring | 1 | |
| Strength of the Wild | 3 | |
| Reinforced Hides | 1 | |
7 total
» buildings
| Altar of Elders | 1 | |
| Moon Well | 7 | |
| Tree of Ages | 3 | |
| Tree of Life | 1 | |
| Tree of Eternity | 1 | |
| Hunter's Hall | 1 | |
| Ancient of Wonders | 1 | |
| Ancient of Wind | 2 | |
| Chimaera Roost | 2 | |
19 total
» build order
00:07 Altar of Elders
00:18 Moon Well
01:25 Moon Well
04:37 Moon Well
05:08 Tree of Ages
05:09 Tree of Ages
05:09 Tree of Ages
05:42 Moon Well
05:46 Moon Well
08:35 Moon Well
09:27 Tree of Life
13:28 Tree of Eternity
14:29 Hunter's Hall
15:40 Ancient of Wonders
16:04 Ancient of Wind
17:31 Ancient of Wind
18:10 Moon Well
27:07 Chimaera Roost
27:07 Chimaera Roost
» items
| Boots of Speed | 2 | |
| Staff of Teleportation | 4 | |
| Orb of Lightning | 1 | |
| Lesser Clarity Potion | 5 | |
| Orb of Venom | 1 | |
| Staff of Preservation | 5 | |
| Healing Salve | 3 | |
| Scroll of Town Portal | 1 | |
22 total
djsWIGsjdklam (
yellow | 96 APM | 3464 actions | 36:03)
7 Blademaster
3 Wind Walk
3 Critical Strike
1 Bladestorm
» actions
| Assign group hotkey | 65 | |
| Basic commands | 26 | |
| Build / train | 80 | |
| ESC pressed | 4 | |
| Enter build submenu | 54 | |
| Enter hero's abilities submenu | 7 | |
| Give item / drop item | 4 | |
| Right click | 2188 | |
| Select / deselect | 543 | |
| Select group hotkey | 240 | |
| Use ability | 248 | |
3464 total
» units
» upgrades
| Ranged Weapons | 3 | |
| Liquid Fire | 1 | |
4 total
» buildings
| Altar of Storms | 2 | |
| Orc Burrow | 6 | |
| War Mill | 2 | |
| Voodoo Lounge | 4 | |
| Watch Tower | 23 | |
| Stronghold | 10 | |
| Barracks | 1 | |
| Beastiary | 6 | |
| Fortress | 1 | |
| Great Hall | 2 | |
57 total
» build order
00:05 Altar of Storms
00:08 Orc Burrow
00:18 War Mill
01:11 Voodoo Lounge
01:39 Watch Tower
01:56 Orc Burrow
02:23 Watch Tower
03:01 Watch Tower
03:02 Watch Tower
03:30 Stronghold
03:31 Stronghold
03:31 Stronghold
04:04 Watch Tower
04:07 Watch Tower
04:22 Watch Tower
04:26 Orc Burrow
05:37 Voodoo Lounge
05:45 Barracks
05:46 Voodoo Lounge
05:52 Voodoo Lounge
06:10 Beastiary
06:12 Beastiary
06:19 Beastiary
06:23 Beastiary
06:29 Fortress
06:34 Watch Tower
08:07 Watch Tower
08:23 Watch Tower
08:24 Watch Tower
10:17 Great Hall
10:21 Watch Tower
10:48 Watch Tower
10:58 Watch Tower
11:38 Great Hall
11:43 Watch Tower
12:02 Watch Tower
12:02 Watch Tower
17:34 Beastiary
17:35 Beastiary
17:51 Watch Tower
17:52 Watch Tower
17:57 Watch Tower
17:58 Watch Tower
17:59 Watch Tower
18:00 Watch Tower
21:41 Stronghold
21:41 Stronghold
22:15 Altar of Storms
22:18 Orc Burrow
22:24 War Mill
23:49 Orc Burrow
23:49 Orc Burrow
» items
| Boots of Speed | 1 | |
| Staff of Teleportation | 1 | |
| Circlet of Nobility | 1 | |
| Healing Salve | 2 | |
| Lesser Clarity Potion | 4 | |
| Orb of Lightning | 2 | |
11 total
iggy_the_fisk (
teal | 118 APM | 4240 actions | 36:03)
5 Archmage
3 Blizzard
2 Brilliance Aura
4 Mountain King
2 Storm Bolt
2 Bash
4 Paladin
2 Holy Light
2 Divine Shield
» actions
| Assign group hotkey | 291 | |
| Basic commands | 38 | |
| Build / train | 141 | |
| Enter build submenu | 123 | |
| Enter hero's abilities submenu | 13 | |
| Give item / drop item | 6 | |
| Remove unit from queue | 2 | |
| Right click | 1895 | |
| Select / deselect | 561 | |
| Select group hotkey | 852 | |
| Use ability | 318 | |
4240 total
» units
| Peasant | 19 | |
| Dragonhawk Rider | 6 | |
| Goblin Zeppelin | 2 | |
27 total
» upgrades
| Masonry | 3 | |
| Lumber Harvesting | 2 | |
| Magic Sentry | 1 | |
| Animal War Training | 1 | |
| Swords | 1 | |
| Armor | 1 | |
9 total
» buildings
| Altar of Kings | 2 | |
| Farm | 8 | |
| Lumber Mill | 1 | |
| Scout Tower | 140 | |
| Arcane Tower | 17 | |
| Guard Tower | 48 | |
| Keep | 1 | |
| Town Hall | 1 | |
| Arcane Vault | 3 | |
| Arcane Sanctum | 1 | |
| Castle | 1 | |
| Gryphon Aviary | 2 | |
| Barracks | 2 | |
| Blacksmith | 2 | |
229 total
» build order
00:04 Altar of Kings
00:05 Altar of Kings
00:18 Farm
00:49 Lumber Mill
00:53 Farm
01:00 Scout Tower
01:04 Scout Tower
01:19 Scout Tower
01:24 Scout Tower
01:30 Scout Tower
01:32 Arcane Tower
01:52 Arcane Tower
01:57 Guard Tower
02:11 Guard Tower
02:12 Scout Tower
02:33 Arcane Tower
02:36 Scout Tower
02:55 Arcane Tower
02:57 Scout Tower
03:07 Arcane Tower
03:32 Arcane Tower
04:32 Keep
04:34 Scout Tower
04:35 Scout Tower
04:36 Scout Tower
04:37 Scout Tower
04:47 Scout Tower
04:50 Scout Tower
05:13 Guard Tower
05:23 Guard Tower
05:23 Guard Tower
05:24 Scout Tower
05:25 Scout Tower
05:27 Scout Tower
05:36 Guard Tower
05:38 Scout Tower
05:39 Scout Tower
06:01 Guard Tower
06:05 Guard Tower
06:07 Scout Tower
06:07 Scout Tower
06:31 Guard Tower
06:33 Scout Tower
06:34 Scout Tower
06:50 Town Hall
06:54 Scout Tower
06:55 Scout Tower
06:55 Scout Tower
06:56 Scout Tower
06:57 Scout Tower
06:57 Scout Tower
06:57 Scout Tower
06:58 Scout Tower
07:05 Guard Tower
07:08 Arcane Vault
07:11 Scout Tower
07:11 Scout Tower
07:22 Farm
08:22 Scout Tower
08:24 Scout Tower
08:51 Guard Tower
08:53 Scout Tower
08:58 Scout Tower
08:59 Scout Tower
09:02 Scout Tower
09:03 Scout Tower
09:05 Scout Tower
09:06 Scout Tower
09:14 Arcane Tower
09:18 Arcane Sanctum
09:20 Castle
09:26 Arcane Tower
09:49 Arcane Tower
09:51 Arcane Tower
09:53 Guard Tower
10:08 Guard Tower
10:09 Scout Tower
10:10 Scout Tower
10:10 Scout Tower
10:11 Scout Tower
10:16 Scout Tower
10:17 Guard Tower
11:00 Guard Tower
11:02 Scout Tower
11:10 Arcane Tower
11:13 Guard Tower
11:45 Scout Tower
11:45 Scout Tower
11:46 Scout Tower
11:46 Scout Tower
11:47 Scout Tower
11:47 Scout Tower
11:55 Arcane Vault
11:58 Scout Tower
11:59 Scout Tower
12:00 Scout Tower
12:01 Scout Tower
12:01 Scout Tower
12:02 Scout Tower
12:04 Guard Tower
12:46 Guard Tower
13:04 Guard Tower
13:19 Scout Tower
13:20 Scout Tower
13:20 Scout Tower
13:21 Scout Tower
13:22 Scout Tower
13:32 Scout Tower
13:33 Scout Tower
13:34 Arcane Tower
13:41 Scout Tower
13:42 Scout Tower
14:00 Arcane Vault
14:20 Scout Tower
14:24 Guard Tower
14:26 Scout Tower
14:26 Scout Tower
14:28 Arcane Tower
14:29 Guard Tower
15:02 Guard Tower
15:13 Guard Tower
15:18 Scout Tower
15:19 Scout Tower
15:21 Guard Tower
15:33 Guard Tower
15:36 Guard Tower
16:01 Guard Tower
16:01 Guard Tower
16:26 Arcane Tower
16:29 Guard Tower
17:00 Guard Tower
17:30 Scout Tower
17:31 Scout Tower
17:35 Scout Tower
17:36 Scout Tower
17:39 Scout Tower
17:42 Scout Tower
17:43 Scout Tower
17:43 Scout Tower
17:44 Scout Tower
17:46 Scout Tower
17:46 Scout Tower
17:48 Scout Tower
17:49 Scout Tower
17:50 Scout Tower
17:51 Scout Tower
17:51 Scout Tower
17:53 Scout Tower
17:53 Scout Tower
18:09 Arcane Tower
18:34 Arcane Tower
18:38 Guard Tower
19:06 Guard Tower
19:41 Scout Tower
19:42 Scout Tower
21:27 Guard Tower
21:29 Scout Tower
21:29 Scout Tower
21:32 Guard Tower
21:36 Scout Tower
21:37 Scout Tower
21:39 Scout Tower
21:40 Scout Tower
21:40 Scout Tower
21:41 Scout Tower
21:41 Scout Tower
21:52 Farm
23:03 Scout Tower
23:04 Scout Tower
24:04 Guard Tower
24:08 Guard Tower
24:23 Guard Tower
24:24 Scout Tower
24:25 Scout Tower
24:28 Arcane Tower
24:39 Guard Tower
24:41 Scout Tower
24:42 Scout Tower
26:12 Scout Tower
26:13 Scout Tower
26:14 Scout Tower
26:15 Scout Tower
26:15 Scout Tower
26:17 Scout Tower
26:20 Scout Tower
26:24 Scout Tower
26:25 Gryphon Aviary
26:27 Barracks
26:29 Blacksmith
26:35 Barracks
26:40 Blacksmith
26:44 Scout Tower
26:45 Scout Tower
27:02 Scout Tower
27:03 Scout Tower
27:04 Scout Tower
27:05 Guard Tower
27:11 Scout Tower
27:12 Guard Tower
27:40 Gryphon Aviary
27:42 Guard Tower
27:49 Farm
27:50 Farm
30:31 Farm
30:32 Farm
30:47 Guard Tower
31:46 Scout Tower
31:47 Scout Tower
32:22 Guard Tower
32:23 Scout Tower
32:25 Scout Tower
32:26 Scout Tower
32:27 Scout Tower
34:25 Guard Tower
34:27 Scout Tower
34:29 Scout Tower
34:57 Guard Tower
34:57 Guard Tower
34:59 Scout Tower
34:59 Guard Tower
35:01 Scout Tower
35:49 Guard Tower
35:51 Scout Tower
35:53 Scout Tower
35:54 Scout Tower
35:57 Scout Tower
35:58 Scout Tower
36:00 Scout Tower
36:01 Scout Tower
» items
| Boots of Speed | 3 | |
| Staff of Teleportation | 3 | |
| Healing Salve | 3 | |
| Scroll of Speed | 2 | |
| Orb of Lightning | 3 | |
| Staff of Sanctuary | 3 | |
| Lesser Clarity Potion | 3 | |
20 total
Chat log
(01:43 / All) BrianSlayer: hey guys
(01:44 / All) BrianSlayer: are you new?
(01:48 / All) lastlegitplayer: yes
(01:49 / All) lastlegitplayer: you too?
(01:53 / All) BrianSlayer: yea
(01:57 / All) lastlegitplayer: just kidding
(02:01 / All) lastlegitplayer: i played pro tournaments in south korea
(02:04 / All) lastlegitplayer: in 2010
(02:05 / All) lastlegitplayer: lol
(02:09 / All) djsWIGsjdklam: yeah me too
(02:11 / All) djsWIGsjdklam: summer of 04 tho
(02:12 / All) BrianSlayer: me too!
(16:49 / All) djsWIGsjdklam: uhm
(16:51 / All) djsWIGsjdklam: do u see me